 Dungeon Crawl Stone Soup version 0.28.0-53-g5a82cb258f (webtiles) character file.

Game seed: 12288555115141932004

127 MalarOregon the Skirmisher (level 4, 0/38 HPs)
             Began as a Palentonga Fighter on June 13, 2022.
             Succumbed to an adder's poison
             ... on level 3 of the Dungeon.
             The game lasted 00:02:46 (1781 turns).

MalarOregon the Skirmisher (Palentonga Fighter)     Turns: 1781, Time: 00:02:47

Health: 0/38       AC:  7    Str: 21    XL:     4   Next: 85%
Magic:  4/4        EV:  6    Int:  9    God:
Gold:   50         SH:  7    Dex:  9    Spells: 3/3 levels left

rFire   . . .      SeeInvis +   a - +0 war axe
rCold   . . .      Faith    .   n - +0 kite shield
rNeg    + . .      Spirit   .   b - +0 scale mail
rPois   .          Reflect  .   m - +0 helmet
rElec   .          Harm     .   (no cloak)
rCorr   .          Rampage  .   (no gloves)
Will    .....      Rage     1%  (no barding)
Stlth   ..........              (no amulet)
HPRegen 0.12/turn               f - ring of positive energy
MPRegen 0.09/turn               i - ring of flight

@: lethally poisoned (0 -> -3), flying
A: large, rugged brown scales 3, see invisible, deformed body, roll 1, armoured
tail, berserk 1
a: Rolling Charge


You were on level 3 of the Dungeon.
You visited 1 branch of the dungeon, and saw 3 of its levels.

You collected 95 gold pieces.
You spent 45 gold pieces at shops.


Innate Abilities, Weirdness & Mutations

You are completely covered in rugged brown scales. (AC +3, +7% HP)
You have supernaturally acute eyesight. (SInv)
Armour fits poorly on your strangely shaped body.
You can roll at nearby foes to attack.
You have a long armoured tail.
You tend to lose your temper in combat.


   Skills:
 + Level 3.6 Fighting
 * Level 3.5 Axes
 + Level 3.0 Armour
 + Level 3.0 Shields


You had 3 spell levels left.
You didn't know any spells.
Your spell library was empty.

Inventory:

Hand Weapons
 a - a +0 war axe (weapon)
Armour
 b - a +0 scale mail (worn)
 m - a +0 helmet (worn)
   (You took it off Robin on level 2 of the Dungeon)
 n - a +0 kite shield (worn)
   (You found it on level 2 of the Dungeon)
Jewellery
 f - a ring of positive energy (left hand)
   (You found it on level 1 of the Dungeon)
 i - a ring of flight (right hand)
   (You found it on level 1 of the Dungeon)
Scrolls
 e - a scroll of amnesia {unknown}
 g - 2 scrolls of identify {unknown}
 h - a scroll of holy word {unknown}
 l - a scroll of fog {unknown}
Potions
 d - a potion of might
 j - a potion of curing {unknown}
 o - a potion of attraction {unknown}

Dungeon Overview and Level Annotations

Branches:
Dungeon (3/15)

Altars:

Shops:
D:1

* #.. . .......
##..#. ....... #.
..... ......# #.#
#.#.###.....$.
##.###..... .....>.
#......... .......
#..# #...###.......
#..# #.....@S....#
#..####..##..###...
#..(.....##.....
#.<.####.##...##.#
#...# .......#
#...# ####...#
#.... #.... #.....
#...## ##.##.# .


You could see an adder.


Message History

You hit the worm but do no damage. You slash the worm!
You kill the worm!
No target in view!
You see here a worm corpse.
A bat comes into view.
Found a scroll labelled DACLOY IRRU.
A bat is nearby!
A bat is nearby!
You block the bat's attack. You block the bat's attack.
The bat barely misses you.
You closely miss the bat. The bat completely misses you.
You block the bat's attack.
You slash the bat!
You kill the bat!
No target in view!
g - 2 scrolls labelled DACLOY IRRU (gained 1) Key pressed, stopping explore.
You see here a frilled lizard skeleton.
You see here a frilled lizard skeleton.
Key pressed, stopping explore.
You see here a bat corpse.
Key pressed, stopping explore.
Found a spear.
Found a stone staircase leading down.
You see here a +0 spear.
Key pressed, stopping explore.
No target in view!
Found a ring mail.
You see here a +0 ring mail.
Key pressed, stopping explore.
Things that are here:
a +0 club; a +0 club You see here a +0 club.
You see here a +0 dagger.
Key pressed, stopping explore.
Key pressed, stopping explore.
Done exploring.
Done exploring.
Done exploring.
Done exploring.
There is a stone staircase leading down here.
You fly downwards.
Found 8 arrows.
There is a stone staircase leading up here.
You see here 8 arrows.
An adder comes into view.
The adder hisses angrily.
Found 11 gold pieces.
Found an escape hatch in the floor.
You barely miss the adder.
Your tail-slap misses the adder.
The adder closely misses you. The adder bites you.
You completely miss the adder.
Your tail-slap misses the adder.
The adder bites you but does no damage. x2
You miss the adder. The adder bites you.
You are poisoned.
The adder poisons you! The adder bites you but does no damage.
You barely miss the adder.
You feel sick. The adder bites you.
You are more poisoned.
The adder poisons you! You block the adder's attack.
You miss the adder.
Your tail-slap misses the adder.
You feel very sick. You block the adder's attack. The adder barely misses you.
You closely miss the adder.
You feel sick.
The adder bites you but does no damage. x2
You completely miss the adder.
You feel sick. You block the adder's attack.
You barely miss the adder.
You feel sick. The adder bites you but does no damage. The adder bites you.
You are more poisoned.
The adder poisons you!
You closely miss the adder.
Your tail-slap misses the adder.
You feel sick. The adder barely misses you.
The adder bites you but does no damage.
You are too injured to fight recklessly!
You closely miss the adder.
You feel sick. You block the adder's attack. The adder bites you.
* * * LOW HITPOINT WARNING * * *
You are more poisoned.
The adder poisons you!
You miss the adder.
You feel sick. The adder barely misses you. You block the adder's attack.
You slash the adder!
You feel sick. You block the adder's attack. The adder bites you.
* * * LOW HITPOINT WARNING * * *
You are lethally poisoned!
The adder poisons you!
You closely miss the adder.
* * * LOW HITPOINT WARNING * * *
You feel very sick. The adder closely misses you.
The adder bites you but does no damage.
You closely miss the adder.
* * * LOW HITPOINT WARNING * * *
You feel very sick. The adder bites you.
* * * LOW HITPOINT WARNING * * *
You block the adder's attack.
It was a potion of mutation.
You feel extremely strange.
You feel a little pissed off.
* * * LOW HITPOINT WARNING * * *
You feel sick. You block the adder's attack.
It was a potion of cancellation.
You feel magically purged.
You die...

Skill      XL: |  1  2  3  4 |
---------------+-------------+-----
Axes           | 3 |  3.5
Armour         | 3 |  3.0
Shields        | 3 |  3.0
Fighting       | |  3.6

Action                   |  1- 3 |  4- 6 || total
-------------------------+-------+-------++-------
Melee: War axe           |    81 |    47 ||   128
       Tailslap          |     6 |     4 ||    10
 Abil: Rolling Charge    |     2 |       ||     2
  Use: Potion            |       |     2 ||     2
Armor: Scale mail        |    43 |    17 ||    60
Dodge: Dodged            |    24 |    17 ||    41
Block: Buckler           |    18 |       ||    18
       Kite shield       |       |    18 ||    18

Levels and vault maps discovered:
D:1:      lightli_arrival_windingriver, layout_basic, serial_shops,
          nicolae_shop_behind_doors, basic_ecumenical_altar,
          minmay_misc_feat_pillars, minmay_tromino_i4
D:2:      layout_loops_cross, grunt_decor_one_mirror, uniq_natasha, uniq_robin
D:3:      layout_loops_ring, chequers_serial_rivers_small_b

Notes
Turn   | Place    | Note
-------+----------+-------------------------------------------
     0 | D:1      | MalarOregon the Palentonga Fighter began the quest for the
                  | Orb.
     0 | D:1      | Reached XP level 1. HP: 19/19 MP: 1/1
    75 | D:1      | Reached XP level 2. HP: 20/25 MP: 2/2
   485 | D:1      | Found a faded altar of an unknown god.
   734 | D:1      | Found Qountine's Assorted Antiques.
   737 | D:1      | Bought a bubbling orange potion for 21 gold pieces
   737 | D:1      | Bought a scroll labelled GEPUEN ATAITSE for 24 gold pieces
   849 | D:2      | Noticed Robin
   860 | D:2      | Reached XP level 3. HP: 24/31 MP: 3/3
   880 | D:2      | Killed Robin
   887 | D:2      | Reached skill level 3 in Axes
  1025 | D:2      | Noticed Natasha
  1030 | D:2      | Killed Natasha
  1031 | D:2      | Reached XP level 4. HP: 25/37 MP: 4/4
  1475 | D:2      | Noticed Natasha
  1478 | D:2      | Killed Natasha
  1479 | D:2      | Reached skill level 3 in Armour
  1479 | D:2      | Reached skill level 3 in Shields
  1778 | D:3      | HP: 7/38 [poisoned by an adder]
  1779 | D:3      | HP: 2/38 [adder (2)]
  1780 | D:3      | Gained mutation: You tend to lose your temper in combat.
                  | [potion of mutation]
  1781 | D:3      | Succumbed to an adder's poison

Vanquished Creatures
  Natasha (twice) (D:2)
  Robin (D:2)
  An adder (D:2)
  2 worms (D:2)
  2 dart slugs
  6 ball pythons
  3 bats
  2 endoplasms (D:1)
  14 goblins
  6 hobgoblins
  A kobold (D:1)
  2 quokkas
  2 frilled lizards
  3 rats (D:1)
47 creatures vanquished.

Table legend:
 A = Non-vault XP
 B = Vault XP
 C = Vault XP percentage of total XP
 D = Non-vault monster count
 E = Vault monster count
 F = Vault count percentage of total count
                 A         B        C        D         E       F
            +---------+---------+-------+---------+---------+-------
      Total |     102 |      80 |  44.0 |      29 |      18 |  38.3
            +---------+---------+-------+---------+---------+-------
        D:1 |      27 |       8 |  22.9 |      15 |       4 |  21.1
        D:2 |      75 |      72 |  49.0 |      14 |      14 |  50.0
            +---------+---------+-------+---------+---------+-------

Illustrated notes

Table legend:
 A = Kills in this place as a percentage of kills in entire the game.
 B = Kills by you in this place as a percentage of kills by you in the entire game.
 C = Kills by friends in this place as a percentage of kills by friends in the entire game.
 D = Other kills in this place as a percentage of other kills in the entire game.
 E = Experience gained in this place as a percentage of experience gained in the entire game.
 F = Experience gained in this place divided by the number of levels of this place that you have seen.
                   A       B       C       D       E      F
               +-------+-------+-------+-------+-------+----------------------
         Total | 100.0 | 100.0 |   N/A |   N/A | 100.0 |  60.7
       Dungeon | 100.0 | 100.0 |   N/A |   N/A | 100.0 |  60.7
               +-------+-------+-------+-------+-------+----------------------

Table legend: (Time is in decaauts)
 A = Elapsed time spent in this place.
 B = Non-inter-level travel time spent in this place.
 C = Inter-level travel time spent in this place.
 D = Time resting spent in this place.
 E = Time spent auto-exploring this place.
 F = Levels seen in this place.
 G = Mean time per level.
                   A        B        C        D        E       F      G
               +--------+--------+--------+--------+--------+-----+--------+
         Total |   1836 |   1799 |     37 |      0 |   1441 |   3 |  612.0 |
       Dungeon |   1836 |   1799 |     37 |      0 |   1441 |   3 |  612.0 |
               +--------+--------+--------+--------+--------+-----+--------+

Top non-repeatable levels by time:
     D:2: 990 daAuts
     D:1: 813 daAuts
     D:3: 32 daAuts
